 Dungeon Crawl Stone Soup version 0.29.1-15-g9cfb28693d (webtiles) character file.

Game seed: 2974114645895825478

366 Farfigtubin the Chopper (level 6, -3/52 HPs)
             Began as a Hill Orc Fighter on Feb 24, 2023.
             Splashed by a jelly's acid (5 damage)
             ... on level 5 of the Dungeon.
             The game lasted 00:16:07 (3360 turns).

Farfigtubin the Chopper (Hill Orc Fighter)          Turns: 3360, Time: 00:16:08

Health: -3/52      AC:  9    Str: 21    XL:     6   Next: 68%
Magic:  6/6        EV:  6    Int:  8    God:
Gold:   247        SH:  4    Dex: 10    Spells: 5/5 levels left

rFire   . . .      SeeInvis .   a - +0 war axe
rCold   . . .      Faith    .   c - +0 buckler
rNeg    . . .      Spirit   .   r - +0 plate armour
rPois   .          Reflect  .   (no helmet)
rElec   .          Harm     .   (no cloak)
rCorr   .          Rampage  .   i - +0 pair of gloves
Will    .....                   (no boots)
Stlth   ..........              (no amulet)
HPRegen 0.17/turn               (no ring)
MPRegen 0.10/turn               (no ring)

@: corroded
A: no striking features
a: no special abilities


You were on level 5 of the Dungeon.
You visited 1 branch of the dungeon, and saw 5 of its levels.

You collected 247 gold pieces.

Inventory:

Hand Weapons
 a - a +0 war axe (weapon)
Missiles
 f - 28 stones (quivered)
 h - 4 poisoned darts
Armour
 c - a +0 buckler (worn)
 i - a +0 pair of gloves (worn)
 r - a +0 plate armour (worn)
Scrolls
 e - 3 scrolls of teleportation
 g - 2 scrolls of identify
 j - a scroll of poison {unknown}
 m - a scroll of amnesia {unknown}
 n - 3 scrolls of butterflies
 p - a scroll of silence {unknown}
 q - a scroll of fear {unknown}
 s - a scroll of immolation {unknown}
 t - a scroll of enchant armour {unknown}
Potions
 b - 4 potions of curing
 d - a potion of might
 k - a potion of mutation {unknown}
 l - a potion of berserk rage {unknown}
 o - a potion of haste {unknown}


   Skills:
 - Level 4.0 Fighting
 * Level 6.5 Axes
 + Level 4.8 Armour
 + Level 4.8 Shields


You had 5 spell levels left.
You didn't know any spells.
Your spell library contained the following spells:

 Spells                   Type           Power      Damage    Failure   Level
 Blink                    Tloc           0%         N/A       100%        2
 Ensorcelled Hibernation  Hex/Ice        0%         N/A       100%        2
 Lesser Beckoning         Tloc           0%         N/A       100%        3
 Spider Form              Tmut/Pois      0%         N/A       100%        3
 Anguish                  Hex/Necr       0%         N/A       100%        4
 Manifold Assault         Tloc           0%         N/A       100%        5


Dungeon Overview and Level Annotations

Branches:
Dungeon (5/15)
 Temple: D:4-7

Altars:
Ashenzari


Message History

You rip the net and break free!
The gnoll hits you but does no damage. The gnoll attacks as you move away!
The gnoll hits you with a +0 flail! The gnoll attacks as you move away!
The gnoll barely misses you.
The gnoll throws a throwing net.
The throwing net hits you.
You become entangled in the net!
You see here a throwing net.
You struggle against the net.
You struggle against the net.
The gnoll hits you but does no damage.
You struggle against the net.
The gnoll hits you from afar with a +2 spear of freezing.
The gnoll freezes you. The gnoll hits you but does no damage.
You struggle against the net.
The gnoll hits you from afar with a +2 spear of freezing.
The gnoll freezes you. The gnoll hits you but does no damage.
You shred the net and break free!
The gnoll hits you from afar with a +2 spear of freezing.
The gnoll freezes you. The gnoll hits you but does no damage.
The gnoll attacks as you move away! You block the gnoll's attack.
There is a stone staircase leading down here.
The gnoll barely misses you. The gnoll hits you but does no damage.
You climb downwards.
There is a stone staircase leading up here.
You barely miss the gnoll. The gnoll hits you with a +0 flail!
You block the gnoll's attack.
You closely miss the gnoll. You hit the jelly.
Your hands burn!
The jelly hits you. The acid corrodes you!
You are splashed with acid!
* * * LOW HITPOINT WARNING * * *
The gnoll hits you with a +0 flail.
* * * LOW HITPOINT WARNING * * *
You slash the gnoll!
The gnoll is almost dead.
You hit the jelly.
Your hands burn!
* * * LOW HITPOINT WARNING * * *
You block the jelly's attack. The gnoll hits you with a +0 flail!
* * * LOW HITPOINT WARNING * * *
You hit the gnoll.
You kill the gnoll!
You hit the jelly.
Your hands burn!
You die...

.## . ..
..... ..
...#. #.##
#... ...#
#...# ....#
#...##....
#...J..#
#.@..#
#..).##
.........
##.........#
#.#########
##


You could see a jelly.

Vanquished Creatures
  A black bear (D:4)
  A phantom (D:4)
  A hound (D:4)
  Robin (D:3)
  4 gnolls
  An adder (D:4)
  An ufetubus (D:4)
  5 worms
  2 dart slugs
  An orc (D:4)
  4 bats
  6 endoplasms
  2 giant cockroaches
  11 hobgoblins
  8 jackals
  7 kobolds
  2 quokkas
  3 ball pythons
  3 frilled lizards
  15 goblins
  3 rats (D:2)
82 creatures vanquished.

Notes
Turn   | Place    | Note
-------+----------+-------------------------------------------
     0 | D:1      | Farfigtubin the Hill Orc Fighter began the quest for the
                  | Orb.
     0 | D:1      | Reached XP level 1. HP: 19/19 MP: 1/1
   188 | D:2      | Reached skill level 3 in Axes
   193 | D:2      | Reached XP level 2. HP: 17/27 MP: 2/2
   441 | D:4      | Found a broken altar of Ashenzari.
   445 | D:4      | Saw a vision of the Shoals and the Snake Pit.
   445 | D:4      | Noticed a naga ritualist
   445 | D:4      | Noticed a naga warrior
   445 | D:4      | Noticed an anaconda
   445 | D:4      | Noticed a merfolk avatar
   445 | D:4      | Noticed a naga
   445 | D:4      | Noticed a merfolk
   445 | D:4      | Noticed a merfolk
   445 | D:4      | Noticed a harpy
   445 | D:4      | Noticed a merfolk
   445 | D:4      | Noticed a naga ritualist
   445 | D:4      | Noticed a merfolk
   445 | D:4      | Noticed a naga
   445 | D:4      | Noticed a merfolk
   445 | D:4      | Noticed a merfolk siren
   445 | D:4      | Noticed a shock serpent
   445 | D:4      | Noticed a sea snake
   445 | D:4      | Noticed a manticore
   445 | D:4      | Noticed a wind drake
   445 | D:4      | Noticed a naga mage
   445 | D:4      | Noticed a black mamba
   446 | D:4      | Noticed a black mamba
   478 | D:4      | Noticed a phantom
   585 | D:1      | Reached XP level 3. HP: 30/33 MP: 3/3
  1302 | D:2      | Found a faded altar of an unknown god.
  1320 | D:2      | Reached skill level 4 in Axes
  1397 | D:2      | Reached XP level 4. HP: 40/40 MP: 4/4
  2280 | D:3      | Noticed Robin
  2340 | D:3      | Killed Robin
  2341 | D:3      | Reached XP level 5. HP: 44/46 MP: 5/5
  2433 | D:3      | Reached skill level 5 in Axes
  2865 | D:4      | Killed a phantom
  3158 | D:4      | Reached XP level 6. HP: 50/52 MP: 6/6
  3166 | D:4      | Noticed a black bear
  3178 | D:4      | Killed a black bear
  3179 | D:4      | Reached skill level 6 in Axes
  3356 | D:5      | Entered Level 5 of the Dungeon
  3359 | D:5      | HP: 2/52 [gnoll/+0 flail (7)]
  3360 | D:5      | Splashed by a jelly's acid

Illustrated notes

Levels and vault maps discovered:
D:1:      dpeg_arrival_signposts, layout_basic
D:2:      minmay_recursive_quarters, layout_loops_ring, basic_ecumenical_altar,
          dk_noncrumbling_3, nicolae_wormholes
D:3:      layout_loops_ring, dreamdust_princess_corridor, uniq_robin
D:4:      layout_basic, grunt_ashenzari_visionary
          [grunt_ashenzari_visionary_shoals, grunt_ashenzari_visionary_snake],
          corner_web_ring
D:5:      layout_cave_pools, ebering_ghost_gozag

Skill      XL: |  1  2  3  4  5  6 |
---------------+-------------------+-----
Axes           | 3 4 5 6 |  6.5
Fighting       | 4 |  4.0
Shields        | 4 |  4.8
Armour         | 4 |  4.8

Action                   |  1- 3 |  4- 6 || total
-------------------------+-------+-------++-------
Melee: War axe           |   105 |   158 ||   263
Throw: Dart              |       |     3 ||     3
  Use: Scroll            |       |     3 ||     3
Armor: Scale mail        |    13 |       ||    13
       Ring mail         |    37 |    53 ||    90
       Plate armour      |       |    61 ||    61
Dodge: Dodged            |    57 |    72 ||   129
Block: Buckler           |    20 |    39 ||    59
